 Dungeon Crawl Stone Soup version 0.32-a0-953-g508020473e (webtiles) character file.

Game seed: 4599394312223744200

846 javelincjr the Trooper (level 7, -1/66 HPs)
             Began as a Minotaur Berserker on Apr 16, 2024.
             Was a Priest of Trog.
             Slain by Pikel
             ... wielding a +0 whip of freezing
              (2 damage)
             ... on level 4 of the Dungeon.
             The game lasted 00:12:34 (3262 turns).

javelincjr the Trooper (Minotaur Berserker)         Turns: 3262, Time: 00:12:35

Health: -1/66      AC:  4    Str: 21    XL:     7   Next: 68%
Magic:  6/6        EV:  8    Int:  6    God:    Trog [***...]
Gold:   214        SH:  3    Dex: 10    Spells: 6/6 levels left

rFire   + . .        c - +3 long sword "Orb Guardian's Curse" {vamp, rF+}
rCold   . . .        h - +0 buckler
rNeg    . . .        w - +0 chain mail
rPois   .            (helmet restricted)
rElec   .            u - +1 cloak {rCorr}
rCorr   +            a - +0 pair of gloves
SInv    .            q - +0 pair of boots
Will    ++...        e - amulet of the acrobat Stlth
                     i - +4 ring of slaying
HPRegen 1.31/turn    (no ring)
MPRegen 0.10/turn

%: acrobat
@: strong-willed, corroded, on berserk cooldown, regenerating, slowed,
invisible, very slow
A: horns 2, retaliatory headbutt
a: Renounce Religion, Berserk, Trog's Hand


You were on level 4 of the Dungeon.
You worshipped Trog.
Trog was most pleased with you.
You visited 1 branch of the dungeon, and saw 4 of its levels.
You also visited: Ossuary.

You collected 214 gold pieces.

Inventory:

Hand Weapons
 b - a +0 flail of holy wrath
 c - the +3 long sword "Orb Guardian's Curse" (weapon) {vamp, rF+}
   (You took it off an orc on level 4 of the Dungeon)

   rF+:       It protects you from fire.
 t - a +3 quarterstaff of chaos
 v - a +3 hammer
 x - a +0 war axe
 y - a +2 sling of freezing
 I - a +1 spear of venom
Missiles
 j - 3 boomerangs (quivered)
 k - 54 stones
 H - a throwing net
Armour
 a - a +0 pair of gloves (worn)
 h - a +0 buckler (worn)
 o - a +2 cloak
 q - a +0 pair of boots (worn)
 u - a +1 cloak of preservation (worn)
 w - a +0 chain mail (worn)
Jewellery
 e - an amulet of the acrobat (around neck)
 i - a +4 ring of slaying (left hand)
Wands
 p - a wand of polymorph (9)
 G - a wand of roots (8)
Scrolls
 n - a scroll of vulnerability
 z - a scroll of teleportation {unknown}
 A - 2 scrolls of fog {unknown}
 B - 2 scrolls of revelation {unknown}
Potions
 d - 3 potions of lignification
 f - 2 potions of curing
 g - 2 potions of mutation
 l - a potion of degeneration
 r - a potion of brilliance
 s - a potion of attraction
 C - 2 potions of cancellation {unknown}
 D - 3 potions of enlightenment {unknown}
 E - a potion of resistance {unknown}
 F - 2 potions of haste {unknown}


   Skills:
 * Level 7.5 Fighting
 + Level 5.8 Axes
 + Level 5.1 Armour
 + Level 4.7 Dodging


You had 6 spell levels left.
You didn't know any spells.
Your spell library was empty.

Dungeon Overview and Level Annotations

Branches:
Dungeon (4/15)            Ossuary (visited)
 Temple: D:4-7

Altars:
Hepliaklqana
Okawaru

Annotations:
D:4 Pikel


Innate Abilities, Weirdness & Mutations

You have a pair of horns on your head.
You reflexively headbutt those who attack you in melee.


Message History

The bolt of acid hits you but does no damage.
The acid corrodes you! Pikel barely misses you.
Your skin crawls.
You feel strong-willed. Pikel closely misses you. You furiously retaliate!
You headbutt Pikel. You block Pikel's attack.
You closely miss Pikel.
Pikel is moderately wounded.
Pikel says, "You'll feel the lick of my whip!"
Pikel closely misses you. You furiously retaliate!
You headbutt Pikel!
Pikel zaps a wand.
The bolt of acid hits you. You resist. The acid corrodes you!
You barely miss Pikel.
Pikel is heavily wounded.
Pikel zaps a wand.
The bolt of acid hits you! You resist. The acid corrodes you!
Pikel closely misses you.
You closely miss Pikel. Your headbutt misses Pikel.
Pikel is heavily wounded.
Pikel misses you.
Pikel hits you with a +0 whip of freezing.
Pikel freezes you.
You slash Pikel!
Pikel is severely wounded.
Pikel zaps a wand.
The bolt of acid hits you! You resist. The acid corrodes you!
The orc priest invokes the aid of Beogh against you.
Beogh smites you!
* * * LOW HITPOINT WARNING * * *
Pikel zaps a wand.
The bolt of acid hits you. You resist.
* * * LOW HITPOINT WARNING * * *
The acid corrodes you!
Okay, then.
It was a potion of invisibility.
You fade into invisibility!
Pikel cracks his whip.
Pikel hits you with a +0 whip of freezing.
* * * LOW HITPOINT WARNING * * *
Pikel freezes you.
You die...
Pikel says, "See you in Hell!"

)....# ......... .....#
..........
.....#..........####
######..........#..#####
................#.......
...)............#o....
..))............#o5.
..)...######....#K###
......#....#....@...#
......#....#........#
......'....#........#
......#....#........#######.
......#'##########..........
......#.....#....#..........
......#.....#....#.........#
......+..†..#....#.........+
......#....###'###.........#


You could see Pikel (unable to see you), a lemure (unable to see you), an orc
priest (unable to see you) and an orc (unable to see you).

Vanquished Creatures
  Grinder (D:4)
  3 lemures (D:4)
  2 elf zombies (Ossuary)
  A scorpion (D:4)
  A bombardier beetle (D:4)
  A hound (D:3)
  2 orc priests (D:4)
  Crazy Yiuf (D:2)
  An iguana (D:4)
  2 hound zombies (Ossuary)
  4 mummies (Ossuary)
  4 gnolls (D:4)
  3 adders
  2 ufetubi (D:3)
  3 adder zombies (Ossuary)
  4 ribbon worms
  A dart slug (D:2)
  10 orcs
  4 bats
  9 endoplasms
  4 giant cockroaches
  12 goblins
  4 hobgoblins
  4 ball pythons
  8 frilled lizards
  3 kobolds (D:1)
  2 kobold zombies (Ossuary)
  6 rats
  3 rat zombies (Ossuary)
105 creatures vanquished.

Notes
Turn   | Place    | Note
-------+----------+-------------------------------------------
     0 | D:1      | javelincjr the Minotaur Berserker began the quest for the
                  | Orb.
     0 | D:1      | Reached XP level 1. HP: 19/19 MP: 0/0
   418 | D:1      | Found a faded altar of an unknown god.
   468 | D:1      | Reached XP level 2. HP: 22/27 MP: 1/1
   513 | D:1      | Reached skill level 4 in Fighting
   997 | D:2      | Reached XP level 3. HP: 31/33 MP: 2/2
  1109 | D:2      | Reached ** piety under Trog
  1336 | D:2      | Found a runed translucent door.
  1337 | D:2      | Noticed Crazy Yiuf
  1343 | D:2      | Killed Crazy Yiuf
  1344 | D:2      | Reached XP level 4. HP: 41/41 MP: 3/3
  1383 | D:3      | Reached skill level 5 in Fighting
  1567 | D:3      | Found an iron altar of Okawaru.
  1567 | D:3      | Found a hazy altar of Hepliaklqana.
  1871 | D:3      | Reached XP level 5. HP: 48/48 MP: 4/4
  2360 | D:4      | Noticed Grinder
  2361 | D:4      | Paralysed by Grinder for 5 turns
  2375 | D:4      | Killed Grinder
  2376 | D:4      | Reached skill level 6 in Fighting
  2376 | D:4      | Reached skill level 5 in Axes
  2376 | D:4      | Reached XP level 6. HP: 37/57 MP: 5/5
  2511 | D:4      | Found a sand-covered staircase.
  2525 | Ossuary  | Entered an ossuary
  2542 | Ossuary  | Reached *** piety under Trog
  2549 | Ossuary  | Reached XP level 7. HP: 53/64 MP: 6/6
  2733 | Ossuary  | Reached skill level 7 in Fighting
  3102 | D:4      | Reached skill level 5 in Armour
  3105 | D:4      | Identified the +3 long sword "Orb Guardian's Curse" {vamp,
                  | rF+}
  3234 | D:4      | Noticed Pikel
  3261 | D:4      | HP: 3/66 [Pikel/bolt of acid (6)]
  3262 | D:4      | HP: 1/66 [Pikel/+0 whip of freezing (4)]
  3262 | D:4      | Slain by Pikel

Illustrated notes

Levels and vault maps discovered:
D:1:      dpeg_arrival_oval, layout_basic, chequers_ecumenical_altar_island,
          supply_closet_lemuel
D:2:      layout_rooms, uniq_crazy_yiuf_cottage
D:3:      layout_loops_corners, gammafunk_temple_overflow_elements,
          minmay_door_square
D:4:      layout_gridville, lightli_ossuary_entry_decrepit_ruins, uniq_grinder,
          uniq_pikel

Skill      XL: |  1  2  3  4  5  6  7 |
---------------+----------------------+-----
Fighting       | 4 5 6 7 |  7.5
Axes           | 4 5 |  5.8
Armour         | 3 4 5 |  5.1
Dodging        | 3 4 |  4.7

Action                     |  1- 3 |  4- 6 |  7- 9 || total
---------------------------+-------+-------+-------++-------
  Melee: Hand axe          |    82 |    63 |       ||   145
         Headbutt          |    16 |    17 |    13 ||    46
         War axe           |       |    19 |       ||    19
         Mace              |       |     1 |    44 ||    45
         Long sword        |       |       |    28 ||    28
  Throw: Boomerang         |       |       |     1 ||     1
 Invoke: Berserk           |     1 |       |     1 ||     2
         Trog's Hand       |       |       |     1 ||     1
    Use: Scroll            |       |     5 |     2 ||     7
         Potion            |       |       |     1 ||     1
 Armour: Animal skin       |    28 |       |       ||    28
         Scale mail        |    10 |     6 |       ||    16
         Ring mail         |     6 |       |       ||     6
         Chain mail        |       |    67 |    61 ||   128
  Dodge: Dodged            |    45 |    46 |    26 ||   117
  Block: Buckler           |     3 |    11 |    12 ||    26

Table legend: (Time is in decaauts)
 A = Elapsed time spent in this place.
 B = Non-inter-level travel time spent in this place.
 C = Inter-level travel time spent in this place.
 D = Time resting spent in this place.
 E = Time spent auto-exploring this place.
 F = Levels seen in this place.
 G = Mean time per level.
                   A        B        C        D        E       F      G
               +--------+--------+--------+--------+--------+-----+--------+
         Total |   3336 |   3288 |     48 |      0 |   2412 |   5 |  667.2 |
       Dungeon |   3084 |   3036 |     48 |      0 |   2282 |   4 |  771.0 |
       Ossuary |    252 |    252 |      0 |      0 |    130 |   1 |  252.0 |
               +--------+--------+--------+--------+--------+-----+--------+

Top non-repeatable levels by time:
     D:3: 974 daAuts
     D:1: 816 daAuts
     D:4: 699 daAuts
     D:2: 593 daAuts
 Ossuary: 252 daAuts
